 Dungeon Crawl Stone Soup version 0.15.0-8-gb109cf8 (webtiles) character file.

58 Kold the Cutter (level 4, 0/23 HPs)
             Began as a Vine Stalker Berserker on Aug 30, 2014.
             Was a Believer of Trog.
             Slain by Crazy Yiuf
             ... wielding a +4 quarterstaff of chaos
              (17 damage)
             ... on Level 2 of the Dungeon.
             The game lasted 00:05:53 (1417 turns).

Kold the Cutter (Vine Stalker Berserker)            Turns: 1417, Time: 00:05:53

HP   0/23        AC  3     Str 20      XL: 4   Next:  2%
MP   0/5         EV 12     Int  7      God: Trog [**....]
Gold 121         SH  0     Dex 14      Spells:  0 memorised,  3 levels left

rFire  . . .     SeeInvis .     a - +0 short sword
rCold  . . .     Clarity  .     p - +0 robe
rNeg   . . .     rCorr    .     (no shield)
rPois  .         rRot     +     (no helmet)
rElec  .         Spirit   +     (no cloak)
SustAb .         Warding  .     (no gloves)
rMut   .         Stasis   .     i - +0 pair of boots
Gourm  .                        (no amulet)
MR     .....                    (no ring)
                                (no ring)

@: lethally poisoned, not resistant to hostile enchantments, unstealthy
A: fangs 2, regeneration 2, screaming 1, evolution 1, magic shield, antimagic
bite, no device heal 3, rot immunity
a: Burn Spellbooks, Berserk, Trog's Hand, Renounce Religion


You were on level 2 of the Dungeon.
You worshipped Trog.
Trog was pleased with you.
You were hungry.

You visited 1 branch of the dungeon, and saw 2 of its levels.

You collected 121 gold pieces.

Inventory:

Hand weapons
 a - a +0 short sword (weapon)
 e - a +0 dagger
Missiles
 h - 11 poisoned needles
Armour
 b - a +0 animal skin
 i - a +0 pair of boots (worn)
 p - a +0 robe (worn)
Magical devices
 n - a wand of polymorph (13) {unknown}
Comestibles
 c - a bread ration
 j - 2 slices of pizza
 m - a royal jelly
 r - a meat ration
Scrolls
 d - a scroll of enchant armour {unknown}
 f - 3 scrolls of remove curse {unknown}
 g - 5 scrolls of identify {unknown}
 k - 2 scrolls of enchant weapon {unknown}
 l - a scroll of amnesia {unknown}
 o - a scroll of random uselessness {unknown}
 q - a scroll of magic mapping {unknown}


   Skills:
 - Level 2.8 Fighting
 + Level 3.8 Short Blades
 - Level 1.5 Armour
 - Level 1.5 Dodging
 - Level 2.3 Stealth


You had 3 spell levels left.
You didn't know any spells.

Dungeon Overview and Level Annotations

Branches:
Dungeon (2/15)

Altars:

Annotations:
D:2 Crazy Yiuf


Innate Abilities, Weirdness & Mutations

You have extremely sharp teeth.
You heal very quickly.
When hurt, damage is shared between your health and your magic reserves.
Your bite disrupts and absorbs the magic of your enemies.
Potions and wands cannot restore your health.
You are immune to rotting.
You occasionally shout uncontrollably at your foes.
You evolve.


Message History

Crazy Yiuf yells, "Cholesterol!"
Crazy Yiuf hits you but does no damage.
You hit Crazy Yiuf.
Crazy Yiuf is severely wounded.
Crazy Yiuf closely misses you.
You hit Crazy Yiuf but do no damage.
Crazy Yiuf is severely wounded.
You barely miss Crazy Yiuf. You bite Crazy Yiuf. You drain his power.
Crazy Yiuf is almost dead.
Crazy Yiuf closely misses you.
You barely miss Crazy Yiuf.
Crazy Yiuf is almost dead.
Crazy Yiuf hits you with a quarterstaff of chaos.
You are poisoned.
You hit Crazy Yiuf but do no damage.
Crazy Yiuf is almost dead.
You feel sick.
Crazy Yiuf hits you with a quarterstaff of chaos!!
Ouch! That really hurt!
You die...

##....#.# #.# #.#
#....#### #.# #.#
#'..+# ####.####.#
♣P..P♣ #....[.....
♣.P.♣♣ ##.######.#
♣♣.♣♣ #.# #.# ♣.♣♣
#.# #.# ♣♣.♣ #.# #..
♣@♣ #.# #.. ♣♣g♣ #.#
##. .# ##.## ## ..
#.#.####### ..#
####....... .)#
#.#........ ###
##..#.####. #.%#.##
#.
###########.....###.


You could see Crazy Yiuf.

Vanquished Creatures
  An adder (D:2)
  A giant gecko (D:1)
  2 oozes (D:1)
  An orc (D:2)
  A giant cockroach (D:2)
  5 hobgoblins
  4 jackals (D:1)
  6 kobolds
  2 quokkas (D:2)
  4 bats (D:1)
  2 giant newts
  10 goblins
  6 rats (D:1)
45 creatures vanquished.

Notes
Turn   | Place    | Note
--------------------------------------------------------------
     0 | D:1      | Kold, the Vine Stalker Berserker, began the quest for the Orb.
     0 | D:1      | Reached XP level 1. HP: 11/11 MP: 1/1
   118 | D:1      | Reached skill level 1 in Stealth
   132 | D:1      | Reached XP level 2. HP: 16/16 MP: 3/3
   164 | D:1      | Reached skill level 3 in Short Blades
   378 | D:1      | Acquired Trog's second power
   443 | D:1      | Reached XP level 3. HP: 19/19 MP: 4/4
  1061 | D:2      | Gained mutation: You evolve. [potion of mutation]
  1061 | D:2      | Gained mutation: You heal very quickly. [potion of mutation]
  1061 | D:2      | Gained mutation: You occasionally shout uncontrollably at your foes. [potion of mutation]
  1237 | D:2      | Reached XP level 4. HP: 20/23 MP: 5/5
  1405 | D:2      | Noticed Crazy Yiuf
  1417 | D:2      | Slain by Crazy Yiuf

Action                   |  1- 3 |  4- 6 || total
-------------------------+-------+-------++-------
Melee: Dagger            |    21 |       ||    21
       Short sword       |    85 |    11 ||    96
  Use: Potion            |     6 |       ||     6
 Stab: Sleeping          |     2 |       ||     2
  Eat: Chunk             |     1 |       ||     1
